 Dungeon Crawl Stone Soup version 0.24-a0-272-g1411513 (webtiles) character file.

Game seed: 6803062781323991345

2572 Ijustatesigmund the Basher (level 9, -3/63 (64) HPs)
             Began as an Octopode Fighter on Apr 25, 2019.
             Shot with a sling bullet by Joseph (14 damage)
             ... while paralysed by Joseph
             ... on level 7 of the Dungeon.
             The game lasted 00:12:43 (5527 turns).

Ijustatesigmund the Basher (Octopode Fighter)       Turns: 5527, Time: 00:12:44

HP:   -3/63 (64)    AC:  1    Str: 15    XL:     9   Next: 57%
MP:   9/9           EV:  2    Int: 12    God:
Gold: 181           SH:  0    Dex: 15    Spells: 8/8 levels left

rFire    . . .     SeeInvis +   p - +3 flail (crush)
rCold    . . .     Gourm    .   b - +5 shield
rNeg     . . .     Faith    .   (helmet restricted)
rPois    .         Spirit   .   k - amulet of regeneration
rElec    .         Reflect  .   g - +2 ring of intelligence
rCorr    .         Harm     .   u - ring of see invisible
MR       .....                  (no ring)
Stlth    ++........             (no ring)
HPRegen  0.60/turn              (no ring)
MPRegen  0.11/turn              (no ring)
                                (no ring)
                                (no ring)

@: paralysed
A: almost no armour, stealthy swim, amphibious, 8 rings, constrict 8, camouflage
1, gelatinous body 1
a: no special abilities


You were on level 7 of the Dungeon.
You were not hungry.

You visited 1 branch of the dungeon, and saw 7 of its levels.

You collected 458 gold pieces.
You spent 277 gold pieces at shops.

Inventory:

Hand Weapons
 a - a +2 flail
 p - a +3 flail of crushing (weapon)
Missiles
 h - 4 javelins (quivered)
Armour
 b - a +5 shield (worn)
Jewellery
 g - a +2 ring of intelligence (left tentacle)
 k - an amulet of regeneration (around mantle)
 u - a ring of see invisible (right tentacle)
Wands
 o - a wand of random effects (17)
Scrolls
 e - 5 scrolls of teleportation
 f - a scroll of fear
 i - 4 scrolls of identify
 j - 2 scrolls of immolation
 l - a scroll of remove curse
 m - 3 scrolls of magic mapping
 r - 3 scrolls of fog
 x - a scroll of blinking
Potions
 c - a potion of might
 n - 6 potions of curing
 q - a potion of magic
 s - a potion of agility
 t - 2 potions of brilliance
Comestibles
 d - 8 rations


   Skills:
 + Level 7.2 Fighting
 + Level 8.3 Maces & Flails
 - Level 6.0 Dodging
 - Level 5.9 Shields


You had 8 spell levels left.
You didn't know any spells.
Your spell library was empty.

Dungeon Overview and Level Annotations

Branches:
Dungeon (7/15)             Temple (0/1) D:5

Altars:
Hepliaklqana

Shops:
D:4 *   D:6 ?

Annotations:
D:5 2 transporters
D:7 Joseph


Innate Abilities, Weirdness & Mutations

You cannot wear most types of armour.
You are very stealthy in the water. (Stealth+)
You are amphibious.
You can wear up to eight rings at the same time.
You can use your tentacles to constrict eight enemies at once.
Your skin changes colour to match your surroundings (Stealth+).
Your rubbery body absorbs attacks. (AC +1, EV +1)


Message History

You destroy the necrophage!
No target in view!
No target in view!
No target in view!
No target in view!
No target in view!
No target in view!
No target in view!
No target in view!
Joseph, a Mercenary comes into view.
He is wielding a +0 quarterstaff and carrying a wand of paralysis (12).
Joseph shouts!
Joseph zaps a wand.
You easily resist.
Joseph zaps a wand.
You suddenly lose the ability to move!
Joseph unwields a +0 quarterstaff.
Joseph wields a +0 hunting sling.
Joseph shoots a sling bullet.
The sling bullet hits you!!
Joseph shoots a sling bullet.
The sling bullet hits you!
Joseph shoots a sling bullet.
The sling bullet hits you!!
* * * LOW HITPOINT WARNING * * *
Joseph shoots a sling bullet.
The sling bullet hits you!
You die...

...≈#.##.#...##
#.......#
≈≈≈≈#.########
######..# #####...#
###+### #..# ...###>.#
##...@.## #..##
...<...## #+.......+#
#...# ...#####
##=...8....#####.######
...# #...8...8...#
#.......# ..##
#...........# ##......#
.## +..8..8@.8..+
##.....# .#
#...........# ##......#
.#
#...8...8...###.......#
##
##....8....###........#
#+.......+# #....#####
##.....## #)####
###'### #.#
#...######.#
##.##...)).#


You could see Joseph.

Vanquished Creatures
  A hungry ghost (D:7)
  Eustachio (D:5)
  Edmund (D:4)
  A phantom (D:7)
  A black bear (D:7)
  An orc warrior (D:6)
  A sky beast (D:7)
  A necrophage (D:7)
  3 ogres
  Blork the orc (D:4)
  A wyvern zombie (D:3)
  A scorpion (D:6)
  3 killer bees (D:7)
  2 crimson imps (D:5)
  A bullfrog zombie (D:5)
  A centaur zombie (D:6)
  8 orc wizards
  5 hounds
  3 orc priests
  2 jellies (D:5)
  3 iguanas
  Ijyb (D:5)
  7 worker ants
  2 hound skeletons
  A howler monkey skeleton (D:7)
  11 adders
  A shadow imp (D:7)
  3 oozes
  An adder skeleton (D:4)
  3 leopard geckos
  20 orcs
  A ball python (D:2)
  4 giant cockroaches
  7 goblins
  9 hobgoblins
  12 jackals
  10 kobolds
  4 quokkas
  5 bats
  3 frilled lizards
  A jackal zombie (D:5)
  A quokka skeleton (D:5)
  A quokka zombie (D:5)
  8 rats
158 creatures vanquished.

Notes
Turn   | Place    | Note
-------+----------+-------------------------------------------
     0 | D:1      | Ijustatesigmund the Octopode Fighter began the quest for
                  | the Orb.
     0 | D:1      | Reached XP level 1. HP: 16/16 MP: 1/1
   350 | D:1      | Reached XP level 2. HP: 15/21 MP: 2/2
   423 | D:1      | Reached skill level 3 in Maces & Flails
   810 | D:2      | Reached XP level 3. HP: 21/26 MP: 3/3
   874 | D:1      | HP: 1/39 [poisoned by an adder]
  1255 | D:2      | Reached skill level 4 in Maces & Flails
  1548 | D:2      | Reached XP level 4. HP: 20/31 MP: 4/4
  1968 | D:3      | Reached skill level 5 in Maces & Flails
  1969 | D:3      | Reached XP level 5. HP: 36/36 MP: 5/5
  2461 | D:4      | Noticed an ogre
  2467 | D:4      | Killed an ogre
  2467 | D:4      | Reached XP level 6. HP: 43/43 MP: 6/6
  2500 | D:4      | Noticed Blork the orc
  2501 | D:4      | Reached skill level 6 in Maces & Flails
  2508 | D:4      | Killed Blork the orc
  2553 | D:4      | Reached XP level 7. HP: 49/49 MP: 7/7
  2610 | D:4      | Reached skill level 5 in Fighting
  2645 | D:4      | Found Puewigog's Assorted Antiques.
  2652 | D:4      | Bought a scroll labeled ATSYSA ROZEJ for 28 gold pieces
  2652 | D:4      | Bought a scroll labeled UQOAPH NIAS for 28 gold pieces
  2652 | D:4      | Bought a scroll labeled GAHOUN ZITS for 28 gold pieces
  2652 | D:4      | Bought a scroll labeled UQOAPH NIAS for 28 gold pieces
  2652 | D:4      | Bought a murky ruby potion for 25 gold pieces
  3013 | D:4      | Noticed Edmund
  3022 | D:4      | Killed Edmund
  3022 | D:4      | Reached skill level 7 in Maces & Flails
  3389 | D:5      | Entered Level 5 of the Dungeon
  3457 | D:5      | Found a hazy altar of Hepliaklqana.
  3466 | D:5      | Reached XP level 8. HP: 36/57 MP: 8/8
  3544 | D:5      | Found a staircase to the Ecumenical Temple.
  3544 | D:5      | Noticed Ijyb
  3552 | D:5      | Killed Ijyb
  3777 | D:5      | Found a transporter.
  3900 | D:5      | Noticed Eustachio
  3905 | D:5      | Killed Eustachio
  4017 | D:5      | Found a transporter.
  4258 | D:6      | Found Bocverchupn's Magic Scroll Boutique.
  4266 | D:6      | Reached skill level 5 in Dodging
  4266 | D:6      | Reached skill level 5 in Shields
  4419 | D:4      | Bought an ivory ring for 140 gold pieces
  4688 | D:6      | Reached XP level 9. HP: 36/62 MP: 9/9
  5303 | D:7      | Reached skill level 8 in Maces & Flails
  5521 | D:7      | Noticed Joseph
  5523 | D:7      | Paralysed by Joseph for 7 turns
  5527 | D:7      | Shot with a sling bullet by Joseph

Levels and vault maps discovered:
D:1:      saegor_arrival_simple_d, layout_basic, nrook_mini_vaults
D:2:      layout_rooms, first_ration, minmay_quantized
D:3:      layout_basic
D:4:      layout_cave_pods, serial_shops, nicolae_shop_stone,
          uniq_blork_the_orc, uniq_edmund
D:5:      gammafunk_cloud_chamber, layout_basic, minmay_temple_entry_ruins,
          basic_altar, uniq_ijyb, uniq_eustachio
D:6:      layout_loops_ring, serial_shops, shop_fountains
D:7:      layout_rooms, grunt_temple_overflow_octagram,
          hangedman_abyss_or_decor_stagger, kennysheep_generic_room_11,
          uniq_joseph

Skill      XL: |  1  2  3  4  5  6  7  8  9 |
---------------+----------------------------+-----
Maces & Flails | 3 4 5 6 7 8 |  8.3
Fighting       | 4 6 7 |  7.2
Dodging        | 5 6 |  6.0
Shields        | 5 |  5.9

Action                   |  1- 3 |  4- 6 |  7- 9 || total
-------------------------+-------+-------+-------++-------
Melee: Flail             |    67 |    59 |   207 ||   333
       Constrict         |    13 |    13 |    51 ||    77
       Tentacles         |     5 |    15 |    39 ||    59
Throw: Javelin           |     3 |     6 |     1 ||    10
Evoke: Wand              |       |       |     4 ||     4
  Use: Potion            |     4 |     1 |     2 ||     7
       Scroll            |       |    11 |    11 ||    22
 Stab: Sleeping          |     1 |     6 |     8 ||    15
       Distracted        |       |       |     1 ||     1
  Eat: Chunk             |     1 |     4 |    10 ||    15
Armor: Skin              |    10 |     2 |     3 ||    15
Dodge: Dodged            |    40 |    20 |    84 ||   144
Block: Shield            |    41 |    20 |   120 ||   181

Table legend:
 A = Non-vault XP
 B = Vault XP
 C = Vault XP percentage of total XP
 D = Non-vault monster count
 E = Vault monster count
 F = Vault count percentage of total count
                 A         B        C        D         E       F
            +---------+---------+-------+---------+---------+-------
      Total |    3050 |     625 |  17.0 |     149 |       9 |   5.7
            +---------+---------+-------+---------+---------+-------
        D:1 |      36 |       0 |   0.0 |      15 |       0 |   0.0
        D:2 |      46 |      24 |  34.3 |      18 |       4 |  18.2
        D:3 |     182 |       0 |   0.0 |      27 |       0 |   0.0
        D:4 |     556 |     251 |  31.1 |      19 |       2 |   9.5
        D:5 |     596 |     217 |  26.7 |      25 |       2 |   7.4
        D:6 |     596 |       0 |   0.0 |      20 |       0 |   0.0
        D:7 |    1038 |     133 |  11.4 |      25 |       1 |   3.8
            +---------+---------+-------+---------+---------+-------
